Map: [G8] Dragon Scales

Players

ByuN

  • Race: Terran Terran
  • Spawn Location: 11:00

Creator - Winner!

  • Race: Protoss Protoss
  • Spawn Location: 5:00

Event: Gamers8 2023

VOD

Have the link to the VOD?

Description

Time

  • Played on: Aug. 4, 2023, 6:47 a.m.
  • Length: 17:34

All games in this series

Show
View Real Time Build Order
Export as new Build Order

ByuN Terran 

Build Orders: Cyclone Opening 

Get SALT Encoding   

  12  0:00  SCV  
  13  0:12  SCV  
  14  0:17  Supply Depot  
  14  0:24  SCV  
  15  0:38  SCV  
  15  0:40  Barracks  
  16  0:43  Refinery  
  16  0:50  SCV  
  16  0:52  Refinery  
  17  1:02  SCV  
  18  1:15  SCV  
  19  1:27  Orbital Command, Reaper  
  20  1:34  Supply Depot  
  20  1:40  Factory  
  20  1:52  SCV  
  21  1:59  Barracks Reactor  
  21  2:04  SCV  
  22  2:15  Command Center  
  22  2:17  SCV  
  23  2:23  Factory Tech Lab  
  23  2:29  SCV  
  24  2:33  Supply Depot  
  24  2:37  Marine x2  
  24  2:41  SCV  
  27  2:46  Cyclone  
  30  2:53  SCV  
  31  2:59  Starport  
  31  3:00  Marine  
  31  3:02  Marine  
  33  3:06  SCV  
  34  3:18  Siege Tank, Marine  
  38  3:20  Marine  
  38  3:26  SCV  
  40  3:36  Marine  
  40  3:38  Marine, SCV  
  43  3:46  Orbital Command  
  43  3:50  Siege Tank, SCV  
  43  3:53  Medivac  
  43  3:55  Marine  
  50  3:56  Marine  
  50  4:02  Supply Depot  
  51  4:03  SCV  
  52  4:10  Supply Depot  
  52  4:14  SCV  
  52  4:15  SCV  
  54  4:23  Marine x2  
  56  4:25  Liberator  
  56  4:26  SCV  
  56  4:28  SCV  
  62  4:38  SCV  
  62  4:39  Siege Tank  
  62  4:40  SCV  
  62  4:45  Supply Depot  
  66  4:50  SCV  
  66  4:52  SCV  
  67  5:00  Marine x2  
  67  5:02  SCV  
  67  5:05  Bunker  
  67  5:06  SCV  
  71  5:11  Siege Tank  
  74  5:14  SCV  
  74  5:18  Marine x2  
  74  5:19  Supply Depot  
  74  5:20  SCV  
  78  5:22  Barracks  
  78  5:25  Barracks  
  78  5:33  SCV  
  75  5:36  Marine x2  
  75  5:39  SCV  
  75  5:40  Refinery  
  78  5:45  SCV  
  79  5:50  Engineering Bay  
  79  5:51  SCV  
  79  5:54  Marine x2  
  78  5:57  SCV  
  78  6:03  SCV  
  77  6:09  SCV  
  76  6:11  Marine x2  
  76  6:13  Barracks Tech Lab  
  76  6:14  Barracks Tech Lab  
  76  6:15  SCV  
  77  6:21  Siege Tank, SCV  
  77  6:22  Starport Reactor  
  77  6:23  Terran Infantry Weapons Level 1  
  81  6:28  Refinery, SCV, Missile Turret, Supply Depot  
  77  6:38  Marine  
  77  6:39  Marine  
  75  6:43  Marine x2  
  73  7:00  Marine  
  75  7:01  Marauder  
  75  7:03  Marine x2  
  75  7:05  Command Center  
  75  7:06  Medivac  
  69  7:21  Marauder, SCV x2  
  65  7:33  SCV x2  
  61  7:42  Siege Tank  
  60  7:45  SCV x2  
  60  7:48  Barracks Tech Lab x2  
  60  7:49  Marine x2  
  62  7:53  Viking x2  
  62  7:56  Barracks  
  64  8:07  Marauder, Marine x2, Stimpack  
  64  8:09  Marauder  
  64  8:12  SCV x2  
  72  8:17  Siege Tank  
  75  8:21  Orbital Command  
  75  8:26  Barracks  
  75  8:32  Marauder x2  
  79  8:34  Marine x2  
  79  8:36  SCV  
  79  8:37  SCV  
  83  8:43  Barracks Reactor  
  83  8:45  Medivac  
  83  8:46  Medivac, Combat Shield  
  87  8:49  SCV  
  87  8:50  SCV  
  87  8:51  SCV  
  90  8:57  Marauder, Supply Depot  
  90  8:58  Marauder  
  90  9:02  Marine x2  
  94  9:08  Terran Infantry Armor Level 1  
  94  9:09  SCV x2  
  98  9:10  SCV  
  98  9:17  Barracks Tech Lab  
  99  9:19  Marauder x2  
  99  9:20  Marine  
  99  9:21  Marine x3  
  109  9:24  Supply Depot  
  109  9:29  Viking x2  
  111  9:34  Supply Depot  
  111  9:35  Supply Depot  
  111  9:36  Concussive Shells  
  111  9:41  SCV x2  
  111  9:42  Ghost Academy  
  111  9:44  Orbital Command  
  114  9:50  Marauder x3  
  119  9:54  Marine x2  
  119  9:55  Marine x2  
  119  9:58  SCV x2  
  123  10:10  SCV  
  123  10:11  Marauder x3, SCV  
  131  10:21  Marine x3  
  131  10:23  Marine  
  135  10:30  Refinery, Supply Depot  
  135  10:31  Refinery, SCV  
  135  10:32  Ghost, SCV x2  
  140  10:36  Supply Depot  
  140  10:38  Ghost  
  142  10:45  Marauder  
  142  10:46  Marine x2  
  142  10:47  Marine x2  
  148  11:01  Marauder  
  145  11:06  Marauder, Marine x2, Ghost  
  145  11:07  Marine x2  
  145  11:08  Siege Tank  
  145  11:10  SCV x3  
  159  11:15  Medivac x2  
  163  11:19  Supply Depot  
  163  11:22  Ghost  
  165  11:26  SCV  
  165  11:27  Marauder  
  165  11:30  SCV  
  165  11:31  SCV  
  157  11:36  Marauder, Sensor Tower  
  157  11:37  Marine x2  
  157  11:38  SCV  
  157  11:39  Marine  
  160  11:43  SCV x2  
  162  11:49  Marauder  
  162  11:50  SCV  
  162  11:51  Marauder, Siege Tank  
  162  11:54  Marine  
  171  11:55  SCV x2  
  171  12:00  Marine x3  
  176  12:01  Marine  
  176  12:02  SCV  
  178  12:10  Missile Turret  
  178  12:14  Missile Turret  
  161  12:23  Marauder x2  
  161  12:25  Marauder, Marine x3  
  161  12:26  Marine  
  161  12:27  Siege Tank  
  174  12:34  Liberator x2  
  180  12:43  Marine  
  181  12:51  Supply Depot  
  181  12:52  Supply Depot  
  181  12:57  Marine x3  
  181  12:58  Marauder  
  180  12:59  Marauder x2  
  180  13:00  Marine  
  179  13:12  Siege Tank  
  182  13:15  Marine x3  
  182  13:17  Liberator  
  182  13:18  Marine x2  
  182  13:19  Marine x2  
  172  13:28  Liberator  
  172  13:33  Marine x3  
  178  13:36  Marine  
  178  13:37  Marauder  
  178  13:38  Marauder x2  
  183  13:49  SCV  
  183  13:50  Marine x2, SCV  
  178  13:55  Marine  
  178  13:56  Marine  
  178  13:58  Marauder  
  178  13:59  Marauder x2  
  178  14:00  Liberator, SCV  
  182  14:03  SCV  
  182  14:05  SCV  
  178  14:11  Liberator  
  178  14:12  SCV  
  178  14:14  Marine x2  
  180  14:19  SCV x2  
  180  14:20  Marauder, Ghost x2  
  188  14:27  SCV  
  188  14:28  Marine  
  183  14:31  SCV  
  183  14:35  Marine x2  
  183  14:37  Marine  
  173  14:41  Marauder  
  173  14:43  Liberator  
  169  14:46  Marine  
  169  14:49  Marauder x2  
  167  14:53  Marine x2  
  167  14:54  Medivac  
  167  14:55  SCV  
  167  14:56  SCV  
  154  15:02  Marauder  
  137  15:09  Marine  
  137  15:11  Marauder  
  137  15:12  Marine  
  137  15:24  Medivac  
  137  15:31  Marauder  
  137  15:32  Marauder  
  137  15:34  Marine  
  122  15:42  Marine, Widow Mine  
  107  15:47  Marauder  
  107  15:48  Marine  
  92  15:53  Marine  
  91  16:05  Marine x2  
  91  16:09  Marine  
  95  16:11  Marauder x2  
  95  16:19  Medivac, Widow Mine  
  95  16:24  SCV  
  98  16:27  Ghost  
  98  16:29  Marine x2  
  98  16:31  Marine  
  103  16:37  Ghost  
  103  16:39  Marine  
  106  16:42  Marauder  
  107  16:47  Orbital Command  
  107  16:53  Marine  
  105  16:55  Marine  
  105  16:57  Marauder, Marine x2  
  108  17:03  Marauder  
  108  17:07  Marauder  
Show
View Real Time Build Order
Export as new Build Order

Creator Protoss - Winner!

Build Orders: 1 Gate Expand, Blink Stalkers 

Get SALT Encoding   

  12  0:00  Probe  
  13  0:12  Probe  
  14  0:17  Pylon  
  14  0:24  Probe (Chrono Boost)  
  15  0:37  Probe (Chrono Boost)  
  15  0:38  Gateway  
  16  0:44  Probe (Chrono Boost)  
  16  0:48  Assimilator  
  17  0:51  Probe  
  18  1:03  Probe  
  19  1:15  Probe  
  20  1:25  Cybernetics Core  
  20  1:32  Nexus  
  20  1:38  Pylon  
  20  1:41  Probe  
  21  1:47  Assimilator  
  21  1:53  Probe  
  22  1:58  Adept (Chrono Boost)  
  24  2:04  Shield Battery  
  24  2:06  Probe  
  25  2:10  Warp Gate  
  25  2:18  Adept (Chrono Boost), Probe  
  28  2:30  Probe  
  29  2:40  Twilight Council  
  30  2:44  Probe (Chrono Boost)  
  30  2:47  Probe (Chrono Boost)  
  30  2:48  Stalker  
  33  2:54  Probe (Chrono Boost)  
  33  2:57  Probe (Chrono Boost)  
  35  2:59  Probe  
  36  3:07  Probe  
  36  3:12  Blink (Chrono Boost)  
  37  3:13  Probe  
  37  3:19  Probe  
  39  3:25  Probe  
  40  3:27  Gateway  
  40  3:30  Gateway  
  40  3:31  Probe  
  41  3:36  Robotics Facility  
  39  3:43  Probe  
  39  3:45  Shield Battery  
  39  3:47  Probe  
  41  3:51  Pylon  
  41  3:57  Stalker  
  43  4:03  Shield Battery  
  43  4:04  Pylon  
  43  4:09  Probe x2  
  44  4:21  Immortal (Chrono Boost), Stalker  
  50  4:24  Stalker  
  50  4:27  Stalker  
  50  4:30  Pylon  
  54  4:42  Pylon  
  54  4:44  Stalker  
  56  4:50  Zealot  
  58  4:59  Stalker  
  60  5:03  Immortal (Chrono Boost)  
  64  5:09  Pylon  
  64  5:10  Zealot, Shield Battery  
  66  5:16  Stalker  
  66  5:18  Gateway  
  68  5:24  Shield Battery  
  68  5:31  Pylon  
  64  5:36  Immortal  
  64  5:40  Gateway  
  64  5:42  Gateway  
  68  5:45  Stalker  
  70  5:56  Probe x2  
  70  6:05  Pylon  
  70  6:08  Probe x2  
  70  6:11  Stalker  
  70  6:13  Warp Prism (Chrono Boost)  
  66  6:20  Zealot  
  66  6:22  Probe x2  
  68  6:34  Probe  
  68  6:35  Probe  
  68  6:41  Stalker x4  
  76  6:53  Nexus  
  76  6:58  Probe x2  
  77  7:11  Zealot  
  77  7:12  Zealot x3  
  78  7:21  Probe x2  
  72  7:31  Forge  
  72  7:33  Probe x2  
  72  7:35  Stalker x4  
  76  7:43  Assimilator  
  74  7:44  Assimilator  
  74  7:45  Probe x2  
  76  7:57  Probe x2  
  76  8:08  Robotics Bay, Nexus  
  76  8:09  Probe (Chrono Boost)  
  76  8:11  Probe (Chrono Boost)  
  76  8:12  Observer  
  80  8:13  Protoss Ground Weapons Level 1 (Chrono Boost)  
  80  8:15  Probe (Chrono Boost)  
  80  8:19  Probe (Chrono Boost)  
  82  8:20  Probe (Chrono Boost)  
  82  8:24  Probe (Chrono Boost)  
  82  8:25  Probe x2 (Chrono Boost)  
  82  8:26  Forge  
  85  8:27  Robotics Facility, Assimilator  
  85  8:30  Assimilator  
  85  8:33  Pylon, Sentry  
  88  8:34  Zealot  
  88  8:35  Probe (Chrono Boost)  
  88  8:36  Probe (Chrono Boost)  
  88  8:38  Probe (Chrono Boost)  
  88  8:39  Pylon  
  92  8:45  Probe (Chrono Boost)  
  92  8:46  Probe (Chrono Boost)  
  95  8:48  Probe (Chrono Boost)  
  95  8:52  Shield Battery  
  95  8:53  Probe  
  96  8:58  Protoss Ground Armor Level 1 (Chrono Boost)  
  96  9:00  Colossus (Chrono Boost), Observer  
  102  9:04  Nexus  
  102  9:06  Pylon  
  102  9:15  Gateway  
  102  9:20  Charge  
  102  9:22  Colossus (Chrono Boost)  
  108  9:24  Sentry  
  108  9:25  Zealot  
  108  9:29  Probe x4  
  116  9:34  Dark Shrine  
  116  9:36  Shield Battery  
  116  9:40  Disruptor (Chrono Boost)  
  116  9:42  Gateway  
  119  9:48  Stalker  
  119  9:49  Gateway  
  119  9:51  Gateway  
  117  9:58  Zealot x3  
  117  9:59  Disruptor (Chrono Boost)  
  123  10:05  Pylon, Probe (Chrono Boost)  
  127  10:09  Sentry  
  127  10:10  Protoss Ground Weapons Level 2 (Chrono Boost)  
  130  10:15  Probe (Chrono Boost)  
  130  10:17  Probe (Chrono Boost)  
  130  10:18  Disruptor (Chrono Boost)  
  130  10:19  Probe (Chrono Boost)  
  136  10:25  Probe x2 (Chrono Boost)  
  136  10:26  Zealot x4  
  136  10:28  Probe (Chrono Boost)  
  146  10:30  Probe (Chrono Boost)  
  146  10:33  Gateway  
  148  10:35  Photon Cannon  
  148  10:37  Pylon  
  148  10:38  Disruptor  
  148  10:40  Probe (Chrono Boost)  
  148  10:42  Extended Thermal Lance (Chrono Boost), Probe (Chrono Boost)  
  150  10:43  Stalker x2  
  150  10:47  Probe (Chrono Boost)  
  155  10:52  Stalker  
  155  10:53  Stalker x2  
  155  10:56  Assimilator, Probe (Chrono Boost)  
  158  11:03  Disruptor (Chrono Boost)  
  159  11:06  Zealot x5  
  159  11:08  Probe (Chrono Boost)  
  170  11:17  Dark Templar, Probe (Chrono Boost)  
  171  11:22  Pylon x2  
  171  11:23  Pylon  
  171  11:24  Disruptor (Chrono Boost)  
  169  11:28  Probe  
  169  11:29  Pylon  
  169  11:31  Pylon  
  171  11:32  Pylon  
  171  11:34  Pylon  
  171  11:35  Dark Templar  
  171  11:36  Zealot, Disruptor (Chrono Boost)  
  171  11:39  Pylon  
  166  11:40  Probe  
  166  11:43  Shadow Stride (Chrono Boost), Probe x4  
  166  11:44  Phoenix  
  171  11:48  Gateway  
  171  11:50  Disruptor (Chrono Boost), Gateway  
  171  11:52  Probe  
  171  11:53  Dark Templar  
  177  11:55  Probe  
  178  12:02  Robotics Facility  
  178  12:06  Immortal (Chrono Boost)  
  179  12:13  Nexus  
  179  12:19  Immortal (Chrono Boost)  
  175  12:25  Dark Templar  
  175  12:27  Dark Templar, Probe  
  175  12:29  Assimilator  
  180  12:30  Photon Cannon  
  180  12:34  Assimilator  
  180  12:36  Dark Templar  
  180  12:38  Assimilator  
  180  12:39  Immortal (Chrono Boost)  
  180  12:43  Photon Cannon  
  184  12:45  Photon Cannon  
  184  12:46  Pylon  
  184  12:51  Observer (Chrono Boost)  
  173  13:06  Stalker x4  
  173  13:08  Disruptor (Chrono Boost)  
  173  13:10  Zealot x5, Dark Templar x2  
  159  13:27  Colossus (Chrono Boost)  
  159  13:32  Zealot x9  
  181  13:38  Immortal (Chrono Boost)  
  181  13:40  Immortal (Chrono Boost)  
  179  13:43  Dark Templar  
  180  13:52  Dark Templar  
  180  13:55  Zealot x6  
  196  14:06  Dark Templar  
  194  14:11  Dark Templar  
  179  14:33  Stalker x4  
  185  14:38  Pylon, Probe  
  185  14:39  Pylon  
  185  14:43  Pylon  
  175  14:50  Probe  
  175  14:51  Stalker x6  
  187  14:55  Stalker  
  187  14:57  Stalker x4  
  150  15:15  Probe  
  150  15:16  Dark Templar  
  150  15:17  Dark Templar x3  
  150  15:20  Zealot x4  
  163  15:21  Zealot x3  
  128  15:44  Zealot  
  128  15:45  Zealot x6  
  131  15:55  Stalker x4  
  139  16:15  Dark Templar x5  
  148  16:24  Nexus  
  148  16:30  Dark Templar  
  148  16:32  Dark Templar  
  152  16:35  Zealot x4  
  160  16:50  Zealot x2, Dark Templar  
  166  16:55  Dark Templar  
  166  16:56  Zealot x2  
  172  17:05  Dark Templar  
  172  17:06  Zealot x3  
Tags
 
Add a new tag
Caveats
  • Supply blocks, unpowered buildings, or Contaminate may cause inaccurate times.
  • Supply counts are checked every 10 seconds.